 Dungeon Crawl Stone Soup version 0.16.1-18-g436b03c (webtiles) character file.

551421 hannobal the Tortoise (level 24, 0/204 (205) HPs)
             Began as a Demigod Fire Elementalist on Apr 23, 2015.
             Slain by an azure jelly (40 damage)
             ... created by the royal jelly
             ... on level 6 of the Pits of Slime on May 9, 2015.
             The game lasted 17:00:08 (129500 turns).

hannobal the Tortoise (Demigod Fire Elementalist) Turns: 129500, Time: 17:00:08

HP:   0/204 (205)   AC: 21    Str: 22    XL:     24   Next: 35%
MP:   28/42         EV: 20    Int: 32    God:
Gold: 639           SH:  0    Dex: 16    Spells: 15 memorised, 0 levels left

rFire  + + .     SeeInvis .     a - staff of energy
rCold  . . .     Clarity  .     f - +3 salamander hide armour {+Rage rF++}
rNeg   . . .     SustAb   +     (no shield)
rPois  .         Gourm    .     W - +2 hat {Int+3}
rElec  .         Spirit   .     J - +2 cloak {MR+}
rCorr  +         Warding  .     w - +2 pair of gloves of Vanity {rCorr}
rMut   .         Stasis   .     Q - +2 pair of boots
MR     +++..                    R - amulet of regeneration
Stlth  +++.......               n - +3 ring of slaying
                                m - ring of wizardry

@: mighty, delayed fireball, extremely resistant to hostile enchantments, fairly
stealthy
A: sustain abilities
a: Release Delayed Fireball, Evoke Berserk Rage
}: 2/15 runes: decaying, serpentine


You were on level 6 of the Pits of Slime.
You were not hungry.

You visited 11 branches of the dungeon, and saw 58 of its levels.
You visited 1 bazaar.
You also visited: Sewer, Bailey and Volcano.

You collected 6809 gold pieces.
You spent 6170 gold pieces at shops.

Inventory:

Hand weapons
 b - the +9 quarterstaff "Eluuh" {flame, rElec rC+ rN++ Str-2 Int+4}
   (You found it on level 1 of the Lair of Beasts)

   It has been specially enchanted to burn those struck by it, causing extra
   injury to most foes and up to half again as much damage against particularly
   susceptible opponents.
   It affects your strength (-2).
   It affects your intelligence (+4).
   It protects you from cold.
   It insulates you from electricity.
   It greatly protects you from negative energy.
 d - a +3 lajatang of freezing
Armour
 f - the +3 salamander hide armour (worn) {+Rage rF++}
   (You bought it in a shop on level 4 of the Orcish Mines)

   It greatly protects you from fire.
   It lets you go berserk.
 w - the +2 pair of gloves of Vanity (worn) {rCorr}
   (You bought it in a shop on level 4 of the Vaults)

   It protects you from acid and corrosion.
 J - a +2 cloak of magic resistance (worn)
 P - the +13 plate armour "Stey" {rCorr Str+4 Int+4 Slay+2}
   (You found it on level 5 of the Snake Pit)

   It affects your strength (+4).
   It affects your intelligence (+4).
   It affects your accuracy and damage with ranged weapons and melee attacks
   (+2).
   It protects you from acid and corrosion.
 Q - a +2 pair of boots (worn)
 W - a +2 hat of intelligence (worn)
Magical staves
 a - an uncursed staff of energy (weapon)
Rods
 T - a +6 rod of destruction (11/11)
   (You found it on level 7 of the Lair of Beasts)
 Y - a +0 rod of shadows (10/10)
   (You took it off a deep elf priest on level 1 of the Elven Halls)
Jewellery
 m - a ring of wizardry (left hand)
 n - a +3 ring of slaying (right hand)
 o - a +4 ring of strength
 u - an uncursed ring of see invisible
 z - the ring of the Sky {rElec rPois Str-5 Int+7 Dex-4 Slay+2}
   (You took it off a vampire on level 3 of the Depths)

   [ring of poison resistance]

   It affects your strength (-5).
   It affects your intelligence (+7).
   It affects your dexterity (-4).
   It affects your accuracy and damage with ranged weapons and melee attacks
   (+2).
   It insulates you from electricity.
   It protects you from poison.
 C - an uncursed amulet of clarity
 F - an uncursed ring of ice
 M - an uncursed amulet of resist mutation
 O - an uncursed ring of teleportation
 R - an amulet of regeneration (around neck)
Magical devices
 e - a wand of digging (6)
 l - a wand of heal wounds (1)
 E - a wand of disintegration (6)
 X - a wand of teleportation (6)
Scrolls
 c - 2 scrolls of fear
 h - a scroll of teleportation
 i - 14 scrolls of identify
 r - 9 scrolls of remove curse
 A - 2 scrolls of magic mapping
 B - 6 scrolls of blinking
 I - a scroll of recharging
 V - 6 scrolls of fog
Potions
 x - 7 potions of curing
 D - 3 potions of invisibility
 N - 5 potions of cancellation
 U - 5 potions of magic
Miscellaneous
 p - a sack of spiders
 t - a phial of floods
 v - a fan of gales
Comestibles
 G - 11 meat rations


   Skills:
 - Level 14.8 Fighting
 - Level 8.0(12.0) Maces & Flails
 - Level 14.0(14.7) Staves
 - Level 1.7 Throwing
 - Level 16.0 Armour
 - Level 12.0 Dodging
 - Level 8.0 Stealth
   Level 5.1 Shields
 - Level 13.6 Spellcasting
 - Level 13.0 Conjurations
 - Level 8.5 Hexes
 - Level 8.6 Charms
 - Level 1.0 Summonings
 - Level 6.0 Necromancy
 - Level 8.2 Translocations
   Level 3.1 Transmutations
 - Level 13.0 Fire Magic
 + Level 8.1 Ice Magic
 - Level 11.0 Air Magic
 - Level 10.0 Evocations


You couldn't memorise any spells.
You knew the following spells:

 Your Spells              Type           Power        Failure   Level  Hunger
a - Apportation           Tloc           ######....   1%          1    None
b - Bolt of Fire          Conj/Fire      #######...   1%          6    None
c - Conjure Flame         Conj/Fire      #######.     1%          3    None
d - Sticky Flame          Conj/Fire      #######.     1%          4    None
e - Freezing Cloud        Conj/Ice/Air   ######....   1%          6    None
f - Fireball              Conj/Fire      #######...   1%          5    None
g - Silence               Hex/Air        ######....   1%          5    None
h - Summon Butterflies    Summ           ####....     1%          1    None
i - Animate Dead          Necr           N/A          1%          4    None
k - Blink                 Tloc           N/A          1%          2    None
m - Repel Missiles        Chrm/Air       ######       1%          2    None
o - Ozocubu's Armour      Chrm/Ice       ######..     1%          3    None
p - Animate Skeleton      Necr           N/A          1%          1    None
s - Swiftness             Chrm/Air       ######..     1%          2    None
w - Warp Weapon           Chrm/Tloc      ######....   1%          5    None


Dungeon Overview and Level Annotations

Branches:
Dungeon (15/15)            Temple (1/1) D:6            Lair (8/8) D:10
  Swamp (5/5) Lair:6        Snake (5/5) Lair:6        Slime (6/6) Lair:6
    Orc (4/4) D:12            Elf (3/3) Orc:4        Vaults (5/5) D:14
  Crypt (1/3) Vaults:3     Depths (5/5) D:15
    Zot: Depths:5

Shops:
D:4 (   D:5 !   Orc:1 %   Orc:3 *   Orc:4 [([!   Elf:1 *   Elf:2 [}   Elf:3 (
Snake:1 }   Vaults:4 [   Depths:1 [   Depths:4 ?(?   Depths:5 *

Portals:
Hell: Depths:1 Depths:2 Depths:3 Depths:4
Abyss: Depths:2* Depths:3 Depths:4
Pandemonium: Depths:3
Ziggurat: Depths:3

Annotations:
Snake:4 drasked's ghost, mighty GrBe
Crypt:1 Jory!, exclusion: curse skull, Jory
Depths:5 exclusion: door


Innate Abilities, Weirdness & Mutations

Your attributes are resistant to harm.


Message History

Okay, then.
Unknown command.
Evoke which item? (* to show all) (? for menu, Esc to quit)
Okay, then.
Evoke which item? (* to show all) (? for menu, Esc to quit)
Aim the phial where?
Press: ? - help, Shift-Dir - straight line, f - acid blob, p - azure jelly
Aim: an acid blob (lightly wounded)
Okay, then.
Unknown command.
Drink which item? (? for menu, Esc to quit)
Okay, then.
Evoke which item? (* to show all) (? for menu, Esc to quit)
Zapping:
l - a wand of heal wounds (2)
Press: ? - help, Shift-Dir - straight line, f - you, p - azure jelly You feel much better.
This wand has 1 charge left.
The azure jelly burns!
The azure jelly hits you.
* * * LOW HITPOINT WARNING * * *
The azure jelly freezes you!!!
You die...

**,,,*,*,****..###
,,,,,,,,,,.....#.###
,,,,,,,,,..........#
,,,,,,,,...........###
,,,,,,,..............##
,,,,,,................#
,,,,,.................#
,,,,..................##
,,,............J@..<...##**
,,............J.........#.**
,..........................*
...........................***
...........................,,****
..........................,,,**,*
...####..###.............,,,*,,,*
.######.#####...........,,,,,,,*,
###!##..##}##..........,,,,,,,*,*


You could see an acid blob and an azure jelly (burning).

Vanquished Creatures
  the royal jelly (Slime:6)
  Mara (twice) (Vaults:4)
  Margery (Depths:3)
  Saint Roka (Swamp:3)
  3 caustic shrikes (Depths:3)
  Mennas (Vaults:1)
  3 golden dragons
  the Enchantress (Depths:4)
  Nikola (Snake:4)
  3 tentacled monstrosities (Depths:3)
  2 deep elf blademasters
  3 titans
  A lich (Depths:3)
  3 deep elf master archers
  A large abomination (Elf:2)
  7 sphinxes
  7 thorn hunters
  7 acid blobs
  Rupert (Snake:5)
  Agnes (Swamp:5)
  4 octopode crushers (Depths:4)
  An ancient champion (Vaults:3)
  2 storm dragons (Depths:4)
  2 shadow dragons
  3 tengu reavers
  8 greater nagas
  9 azure jellies
  6 fire giants
  A revenant (Crypt:1)
  Donald (Vaults:1)
  An iron dragon (Depths:1)
  8 frost giants
  10 vault wardens
  Aizul (Snake:2)
  Louise (Swamp:5)
  4 emperor scorpions
  A curse skull (Crypt:1)
  2 orc warlords (Orc:4)
  10 deep elf sorcerers
  A balrug (Depths:4)
  Jorgrun (Snake:3)
  16 stone giants
  8 spriggan defenders
  A war gargoyle (Vaults:4)
  14 ironheart preservers
  7 very ugly things
  A caustic shrike skeleton (Depths:3)
  9 deep elf demonologists
  A black draconian (Elf:3)
  2 vampire knights
  9 deep elf annihilators
  7 dire elephants
  A purple draconian (Depths:5)
  6 deep elf death magi
  4 ettins
  Snorg (Orc:2)
  7 eidola
  2 merfolk javelineers (Depths:4)
  26 vault guards
  A very ugly thing zombie (Depths:3)
  A quicksilver dragon zombie (Vaults:3)
  2 deep elf high priests (Elf:3)
  16 fire dragons
  A great orb of eyes (shapeshifter) (Vaults:4)
  5 death oozes (Slime:6)
  3 yaktaur captains
  11 great orbs of eyes
  10 rakshasas
  Fannar (Orc:2)
  7 minotaurs
  7 catoblepae
  24 naga warriors
  3 ghost crabs
  Nessos (Swamp:2)
  7 spriggan air magi
  34 hydras
  8 ice dragons
  20 anacondas
  Erica (Orc:3)
  An alligator snapping turtle (Depths:4)
  11 centaur warriors
  15 dancing weapons
  2 merfolk avatars (Depths:4)
  A death knight (Crypt:1)
  A ghost crab (shapeshifter) (Depths:1)
  14 alligators
  11 death yaks
  15 ogre magi
  The ghost of raikaria the Ducker, an experienced DrWz of Vehumet (D:10)
  11 deep troll earth magi
  3 vampire magi
  A satyr (Depths:4)
  4 spriggan berserkers (Depths:4)
  2 orc high priests
  A tengu warrior (Depths:4)
  5 shock serpents
  11 deep troll shamans
  Urug (Orc:2)
  12 spriggans
  19 naga sharpshooters
  A soul eater (Crypt:1)
  4 hell knights
  Nergalle (D:15)
  3 iron trolls
  2 sun demons
  29 deep elf knights
  3 salamander mystics
  An unseen horror (shapeshifter) (Depths:3)
  5 unseen horrors
  3 fire crabs
  6 skeletal warriors
  7 shadow wraiths
  3 giant orange brains
  A storm dragon skeleton (Crypt:1)
  A sphinx skeleton (Depths:1)
  12 deep elf summoners
  3 spriggan druids
  3 lindwurms (Snake:5)
  6 shambling mangroves
  21 deep trolls
  2 ice statues (Depths:1)
  2 wizards
  10 swamp dragons
  15 orc knights
  2 naga ritualists (Snake:5)
  4 flayed ghosts
  A tengu zombie (Depths:3)
  Pikel (D:6)
  4 harpies (Vaults:4)
  2 phantasmal warriors
  10 ironbrand convokers
  2 anaconda skeletons
  9 hill giants
  51 ugly things
  25 deep elf conjurers
  5 orc sorcerers
  A wolf spider zombie (Vaults:1)
  10 necromancers
  An ugly thing zombie (Depths:1)
  The ghost of raikaria the Chiller, an experienced MfTm of Cheibriados (D:6)
  4 hornets
  An iron dragon zombie (Crypt:1)
  3 shining eyes
  4 oklob plants (Lair:1)
  2 fire giant zombies (Depths:3)
  2 salamanders
  9 mana vipers
  A frost giant zombie (Crypt:1)
  6 cyclopes
  A stone giant zombie (Crypt:1)
  A manticore (shapeshifter) (Vaults:4)
  4 manticores
  4 wolf spiders
  5 griffons
  10 guardian serpents
  A shock serpent zombie (Crypt:1)
  A frost giant skeleton (Depths:3)
  A moth of wrath (Depths:1)
  A moth of wrath (shapeshifter) (Depths:3)
  Maurice (D:12)
  A toenail golem (Volcano)
  A stone giant skeleton (Crypt:1)
  40 black mambas
  Joseph (D:7)
  An eye of devastation (Slime:3)
  2 spiny frogs (shapeshifter) (Depths:1)
  A shock serpent skeleton (Crypt:1)
  16 elephants
  5 gargoyles
  5 torpor snails
  A centaur zombie (D:15)
  12 vault sentinels
  22 spiny frogs
  A yellow draconian zombie (Crypt:1)
  6 kobold demonologists
  30 naga magi
  An elf skeleton (Depths:3)
  A spriggan skeleton (Depths:3)
  31 yaktaurs
  2 yaktaur zombies
  8 komodo dragons
  A redback zombie (D:14)
  A demonic crawler (Depths:3)
  A yaktaur skeleton (Vaults:3)
  2 efreet (D:14)
  2 fire drakes
  A hellwing (Vaults:4)
  4 red devils (Elf:1)
  22 deep elf priests
  A guardian mummy (Crypt:1)
  2 anaconda simulacra (Crypt:1)
  2 tengu conjurers
  A merfolk (shapeshifter) (D:14)
  3 wind drakes (Depths:4)
  9 trolls
  Sonja (Orc:2)
  6 polar bears
  24 two-headed ogres
  An ettin zombie (Depths:3)
  An iron dragon simulacrum (Crypt:1)
  8 giant leeches
  A wind drake (shapeshifter) (Depths:3)
  4 freezing wraiths
  16 blink frogs
  A deep troll zombie (Depths:4)
  A frost giant simulacrum (Vaults:2)
  15 ravens
  A slime creature (shapeshifter) (Elf:2)
  A shadow dragon simulacrum (Crypt:1)
  7 baby alligators
  79 slime creatures
  2 fire dragon zombies (Crypt:1)
  6 bog bodies
  A trapdoor spider zombie (D:12)
  4 basilisks
  3 boulder beetles
  An ice dragon zombie (Crypt:1)
  2 wandering mushrooms (Depths:1)
  8 shadows
  A tarantella (shapeshifter) (Vaults:2)
  2 vampires
  A redback (Elf:2)
  A blink frog (shapeshifter) (Depths:1)
  40 yaks
  A fire dragon skeleton (Depths:3)
  A spriggan (shapeshifter) (D:15)
  39 deep elf magi
  8 water elementals
  A human (D:7)
  7 wraiths
  2 black mamba skeletons
  7 air elementals
  Eustachio (D:4)
  12 golden eyes
  4 spriggan zombies
  15 hippogriffs
  3 fire elementals
  2 mottled dragons
  A death yak simulacrum (Depths:1)
  A hippogriff (shapeshifter) (Depths:3)
  2 wyverns
  A hog (Depths:1)
  59 nagas
  2 hungry ghosts
  29 swamp worms
  A warg (shapeshifter) (Depths:3)
  20 vampire mosquitoes
  6 insubstantial wisps
  48 deep elf fighters
  10 wargs
  9 wolves
  A soldier ant (D:13)
  2 soldier ants (shapeshifter)
  A spiny frog zombie (Crypt:1)
  14 swamp drakes
  A water moccasin (shapeshifter) (Depths:3)
  4 human skeletons
  10 porcupines
  66 orc warriors
  37 water moccasins
  An eye of draining (shapeshifter) (D:13)
  7 eyes of draining
  4 black bears
  10 wasps
  3 sky beasts
  A black mamba simulacrum (Depths:1)
  8 ice beasts
  An elf zombie (Depths:1)
  2 slaves
  2 deep troll simulacra (Depths:1)
  3 fire dragon simulacra
  5 phantoms
  5 boggarts (Depths:4)
  9 electric eels
  49 ogres
  25 centaurs
  A centaur (shapeshifter) (Vaults:1)
  A crocodile (shapeshifter) (Vaults:4)
  A hog zombie (Crypt:1)
  2 brain worms
  29 giant frogs
  8 big kobolds
  2 earth elementals (Depths:1)
  13 crocodiles
  A water moccasin zombie (D:7)
  A glowing shapeshifter simulacrum (Depths:3)
  A gnoll sergeant (D:9)
  2 salamander skeletons (Snake:4)
  A warg zombie (Vaults:1)
  A wyvern skeleton (D:15)
  6 scorpions
  10 jellies
  24 killer bees
  A vampire bat (Depths:1)
  3 water moccasin skeletons
  A killer bee (shapeshifter) (Depths:3)
  A yak skeleton (Lair:5)
  6 wights
  10 crimson imps
  14 hounds
  A two-headed ogre zombie (Orc:2)
  An iron imp (Orc:2)
  3 giant frog skeletons
  A human zombie (Crypt:1)
  Crazy Yiuf (D:4)
  35 orc priests
  A quasit (D:11)
  A bog body skeleton (Swamp:5)
  2 centaur skeletons
  44 orc wizards
  11 worker ants
  A porcupine zombie (Crypt:1)
  7 iguanas
  A two-headed ogre skeleton (Vaults:1)
  3 hell rats
  11 sheep
  2 troll simulacra (Depths:1)
  A big kobold skeleton (D:14)
  A demigod skeleton (Crypt:1)
  7 mummies
  2 hound skeletons
  An ogre simulacrum (Crypt:1)
  A worker ant zombie (D:10)
  32 adders
  49 river rats
  5 giant mites
  8 gnolls
  A swamp drake skeleton (Swamp:4)
  3 shadow imps
  2 white imps
  19 worms
  2 adder skeletons
  2 adder zombies (D:5)
  9 giant geckos
  An ooze (D:1)
  246 orcs
  6 ball pythons
  2 bat zombies (D:5)
  26 goblins
  17 hobgoblins
  18 jackals
  11 quokkas
  15 bats
  2 giant cockroaches
  A giant gecko zombie (D:6)
  8 giant newts
  A jackal skeleton (D:6)
  43 kobolds
  A kobold skeleton (D:14)
  3 orc skeletons (Orc:2)
  8 orc zombies
  A quokka skeleton (D:5)
  20 rats
  2 river rat skeletons (Lair:5)
  5 briar patches
  3 bushes
  12 fungi
  6 plants
2800 creatures vanquished.

Vanquished Creatures (collateral kills)
  The ghost of raikaria the Black Belt, a mighty MfTm of Ru (Vaults:4)
  A tentacled monstrosity (Depths:3)
  A thorn hunter (Swamp:5)
  Roxanne (Swamp:2)
  A fire giant (Depths:3)
  2 frost giants
  2 vault wardens
  4 emperor scorpions
  2 deep elf sorcerers (Elf:3)
  3 stone giants
  3 ironheart preservers
  3 vampire knights (Depths:3)
  3 dire elephants
  2 ettins (Depths:3)
  A deep elf annihilator (Elf:3)
  A white draconian (Depths:5)
  An eidolon (Depths:1)
  4 vault guards
  A deep elf death mage (Elf:3)
  A great orb of eyes (Vaults:3)
  3 fire dragons
  A rakshasa (Depths:1)
  2 yaktaur captains (Vaults:2)
  A spriggan air mage (Depths:4)
  3 naga warriors
  3 hydras
  3 centaur warriors
  6 anacondas
  A death yak (Lair:7)
  5 dancing weapons
  2 ogre magi
  2 shock serpents
  4 deep troll earth magi
  3 deep troll shamans
  2 naga sharpshooters (Snake:5)
  A sun demon (Depths:2)
  A deep elf knight (Vaults:3)
  5 salamander mystics
  A hornet (Depths:4)
  A shadow wraith (Vaults:4)
  2 fire crabs
  3 deep trolls
  2 spriggan druids
  A flayed ghost (Vaults:4)
  2 naga ritualists
  3 necromancers
  A deep elf summoner (Elf:3)
  2 deep elf conjurers
  5 ironbrand convokers
  4 swamp dragons
  A lindwurm (Snake:5)
  A mana viper (Snake:5)
  An orc knight (Bailey)
  2 griffons
  2 cyclopes (Vaults:1)
  2 salamanders
  2 elephants
  A frost giant zombie (Vaults:3)
  A sphinx skeleton (Depths:3)
  7 black mambas
  An ugly thing (D:14)
  6 vault sentinels
  9 spiny frogs
  2 naga magi (Snake:5)
  A torpor snail (Lair:8)
  A centaur zombie (D:13)
  An orange crystal statue (Depths:4)
  A kobold demonologist (Vaults:2)
  2 centaur skeletons (D:15)
  An anaconda simulacrum (Depths:1)
  13 yaktaurs
  A komodo dragon (Lair:7)
  A freezing wraith (Vaults:3)
  A deep elf priest (Elf:2)
  6 blink frogs
  A wolf spider simulacrum (Crypt:1)
  3 two-headed ogres
  A blue devil (Vaults:1)
  A giant leech (Swamp:4)
  2 boulder beetles
  A fire giant simulacrum (Depths:3)
  A baby alligator (Swamp:4)
  11 slime creatures
  A deep troll zombie (Depths:1)
  5 bog bodies
  A tarantella (Elf:2)
  A basilisk (Depths:1)
  2 ravens
  A vampire (Depths:3)
  3 spriggans
  An air elemental (Depths:5)
  A redback (Elf:1)
  3 water elementals
  5 yaks
  4 porcupines
  A hungry ghost (D:14)
  A human (D:14)
  5 deep elf magi
  A deep troll skeleton (Depths:1)
  A wolf (Lair:7)
  2 ynoxinuls
  8 deep elf fighters
  A hippogriff (Lair:7)
  A warg (Vaults:5)
  7 vampire mosquitoes
  9 water moccasins
  A chaos spawn (Elf:3)
  6 insubstantial wisps (Swamp:1)
  2 nagas
  9 swamp worms
  A soldier ant (shapeshifter) (Depths:5)
  2 swamp drakes
  A black mamba simulacrum (Depths:1)
  2 wasps (Swamp:5)
  4 ogres
  4 ice beasts (Depths:1)
  2 centaurs
  3 orc warriors
  A phantom (Depths:3)
  2 boggarts
  3 crocodiles
  A scorpion (shapeshifter) (Depths:3)
  An electric eel (Depths:4)
  An elf zombie (Vaults:4)
  A crimson imp (D:15)
  A giant frog skeleton (D:13)
  3 hounds
  A hell rat (Elf:1)
  A worker ant (D:14)
  16 sheep
  A crocodile skeleton (Swamp:2)
  An adder (Lair:5)
  3 river rats
  2 ufetubi (Elf:3)
  2 orcs
  2 goblins
  A quokka (Lair:6)
  3 kobolds (Depths:2)
  3 butterflies (Lair:8)
  9 fungi
362 creatures vanquished.

Vanquished Creatures (others)
  A player illusion (Vaults:4)
  An eldritch tentacle (Vaults:5)
  A draconian scorcher (Depths:5)
  A caustic shrike zombie (Depths:3)
  A deep elf annihilator (Elf:3)
  A vault guard (Vaults:4)
  A titan zombie (Depths:3)
  4 guardian serpent skeletons
  A storm dragon zombie (Depths:4)
  2 very ugly thing zombies (Depths:3)
  A ball lightning (Depths:4)
  A hill giant (Depths:1)
  A shadow dragon zombie (Vaults:5)
  A golden dragon skeleton (Depths:3)
  A necromancer (Depths:1)
  9 anaconda skeletons
  2 tengu zombies
  A sphinx zombie (Depths:3)
  17 ugly thing zombies
  A tengu skeleton (Vaults:4)
  A fire giant zombie (Depths:4)
  3 frost giant zombies
  A deep elf conjurer (Elf:3)
  2 octopode zombies (Depths:4)
  2 sphinx skeletons
  3 stone giant zombies
  62 elf zombies
  A stone giant skeleton (Depths:4)
  A black mamba (Snake:5)
  A dire elephant zombie (Depths:2)
  A fire giant skeleton (Depths:4)
  A frost giant skeleton (Depths:3)
  An air elemental (Depths:4)
  9 centaur skeletons
  A swamp worm zombie (Swamp:5)
  2 shock serpent skeletons
  A vault sentinel (Vaults:5)
  5 dire elephant skeletons
  32 human zombies
  2 emperor scorpion zombies (Depths:3)
  An alligator snapping turtle skeleton (Depths:4)
  A yaktaur (Vaults:5)
  4 minotaur zombies
  5 hydra zombies
  3 water elementals
  An iron troll skeleton (Depths:4)
  A harpy skeleton (Vaults:4)
  7 hydra skeletons
  4 fire dragon zombies
  10 deep troll zombies
  A hornet zombie (Vaults:3)
  2 ice dragon zombies
  A griffon zombie (Vaults:3)
  3 fire dragon skeletons
  4 deep troll skeletons
  A griffon skeleton (Vaults:3)
  An alligator skeleton (Swamp:4)
  An ice dragon skeleton (Depths:3)
  An ettin skeleton (Depths:4)
  2 hill giant zombies
  A hippogriff (Vaults:4)
  6 spriggan zombies
  16 black mamba skeletons
  2 wind drake zombies (Depths:4)
  6 spriggan skeletons
  A raven zombie (Swamp:5)
  13 ogre zombies
  A vampire mosquito (Vaults:3)
  A raven skeleton (Swamp:1)
  A spiny frog zombie (Swamp:5)
  A baby alligator skeleton (Swamp:4)
  An orc warrior (Vaults:1)
  6 ogre skeletons
  A swamp drake (Swamp:5)
  8 spiny frog skeletons
  An ice beast (Depths:1)
  A swamp dragon zombie (Swamp:5)
  9 blink frog skeletons
  A torpor snail zombie (Depths:3)
  A hog zombie (Depths:1)
  A manticore skeleton (D:14)
  3 swamp dragon skeletons
  4 elephant skeletons
  8 vampire mosquito zombies
  6 yaktaur zombies
  A giant frog (Vaults:4)
  10 yaktaur skeletons
  4 salamander skeletons
  A water moccasin zombie (Swamp:5)
  10 water moccasin skeletons
  2 boulder beetle zombies
  A troll zombie (D:15)
  A porcupine skeleton (Lair:7)
  A troll skeleton (D:14)
  A warg skeleton (Vaults:4)
  7 yak skeletons
  A hippogriff skeleton (Lair:7)
  A quasit (Depths:1)
  2 centaur zombies
  An elephant simulacrum (Depths:1)
  2 kobold zombies (Vaults:2)
  A basilisk zombie (Depths:1)
  2 wasp zombies (Depths:4)
  5 wolf skeletons
  4 giant frog skeletons
  An orc priest (Vaults:1)
  18 human skeletons
  An iron imp (Depths:1)
  7 two-headed ogre zombies
  31 elf skeletons
  A two-headed ogre skeleton (D:15)
  A bog body skeleton (Swamp:5)
  A big kobold zombie (Vaults:2)
  4 crocodile skeletons
  42 naga skeletons
  2 big kobold skeletons
  6 dwarf skeletons
  2 hound skeletons
  2 swamp drake zombies (Swamp:5)
  2 swamp drake skeletons (Swamp:5)
  A sheep zombie (Vaults:2)
  3 adder skeletons
  An electric eel skeleton (Depths:4)
  An iguana skeleton (Lair:4)
  3 sheep skeletons
  A bat (D:6)
  A giant spore (D:14)
  A goblin skeleton (D:13)
  3 kobold skeletons
  13 orc skeletons
  15 orc zombies
  A quokka skeleton (Lair:5)
  A river rat skeleton (Lair:4)
  37 eldritch tentacle segments (Vaults:5)
  9 fungi
  23 plants
  10 toadstools (Lair:7)
638 creatures vanquished.

Grand Total: 3800 creatures vanquished

Notes
Turn   | Place    | Note
--------------------------------------------------------------
     0 | D:1      | hannobal, the Demigod Fire Elementalist, began the quest for the Orb.
     0 | D:1      | Reached XP level 1. HP: 14/14 MP: 3/3
    13 | D:1      | Reached skill level 1 in Conjurations
   322 | D:1      | Reached XP level 2. HP: 20/20 MP: 1/4
  1060 | D:1      | Reached XP level 3. HP: 2/26 MP: 1/7
  1355 | D:1      | Learned a level 3 spell: Conjure Flame
  2236 | D:2      | Reached skill level 3 in Fire Magic
  2991 | D:2      | Learned a level 2 spell: Throw Flame
  2994 | D:3      | Reached XP level 4. HP: 33/33 MP: 7/10
  3280 | D:3      | Found a glowing drain.
  3299 | Sewer    | Entered a sewer
  3779 | Sewer    | Reached XP level 5. HP: 38/38 MP: 9/12
  4471 | D:3      | Reached skill level 1 in Fighting
  4603 | D:3      | Reached skill level 1 in Staves
  5193 | D:4      | Upgraded the game from 0.16.1-17-g773cdaf to 0.16.1-18-g436b03c
  5226 | D:4      | Reached skill level 4 in Fire Magic
  5384 | D:4      | Noticed Crazy Yiuf
  5392 | D:4      | Killed Crazy Yiuf
  5594 | D:4      | Reached XP level 6. HP: 42/47 MP: 4/14
  6084 | D:4      | Found Xyg Paem's Antique Weapon Emporium.
  6092 | D:4      | Bought a runed hunting sling for 30 gold pieces
  6092 | D:4      | Bought a runed whip for 50 gold pieces
  6092 | D:4      | Bought a glowing war axe for 70 gold pieces
  6265 | D:4      | Noticed Eustachio
  6496 | D:5      | Entered Level 5 of the Dungeon
  6755 | D:5      | Reached skill level 5 in Conjurations
  6755 | D:5      | Reached XP level 7. HP: 25/52 MP: 7/17
  6932 | D:5      | Found Reivvomi's Distillery.
  6937 | D:5      | Bought a potion of curing for 39 gold pieces
  6955 | D:5      | Reached skill level 5 in Fire Magic
  7085 | D:5      | Learned a level 4 spell: Sticky Flame
  7477 | D:5      | Found a glowing golden altar of the Shining One.
  7979 | D:5      | Found a glowing silver altar of Zin.
  8528 | D:5      | Bought a potion of curing for 39 gold pieces
  8629 | D:6      | Noticed Pikel
  8776 | D:6      | Reached XP level 8. HP: 59/59 MP: 14/21
  8822 | D:6      | Learned a level 5 spell: Fireball
  8900 | D:6      | Reached skill level 5 in Spellcasting
  8911 | D:6      | Learned a level 7 spell: Delayed Fireball
  9342 | D:6      | Reached skill level 6 in Fire Magic
  9518 | D:6      | Found a bloodstained altar of Trog.
  9704 | D:6      | Found a staircase to the Ecumenical Temple.
  9830 | D:6      | Reached skill level 1 in Evocations
 10076 | D:6      | Killed Pikel
 10291 | D:6      | Reached XP level 9. HP: 64/64 MP: 17/24
 10380 | D:6      | Noticed raikaria's ghost (experienced MfTm)
 10445 | D:6      | Killed raikaria's ghost
 10445 | D:6      | Reached skill level 7 in Fire Magic
 10576 | D:4      | Killed Eustachio
 11188 | D:7      | Learned a level 1 spell: Summon Butterflies
 11203 | D:7      | Reached skill level 1 in Summonings
 11389 | D:7      | Found a shattered altar of Ashenzari.
 11525 | D:7      | Learned a level 1 spell: Apportation
 11542 | D:7      | Noticed Joseph
 11549 | D:7      | Killed Joseph
 11822 | Temple   | Entered the Ecumenical Temple
 12423 | D:5      | Bought a potion of resistance for 130 gold pieces
 12566 | D:8      | Noticed a komodo dragon
 12570 | D:7      | Reached XP level 10. HP: 75/75 MP: 16/26
 12741 | D:8      | Killed a komodo dragon
 13693 | D:8      | Reached skill level 8 in Conjurations
 15471 | D:10     | Entered Level 10 of the Dungeon
 16513 | D:10     | Found a staircase to the Lair.
 16632 | D:10     | Noticed an unseen horror
 16634 | D:10     | Killed an unseen horror
 16788 | D:10     | Noticed raikaria's ghost (experienced DrWz)
 17018 | D:10     | Reached XP level 11. HP: 66/84 MP: 28/28
 17552 | D:11     | Reached skill level 5 in Staves
 17613 | D:11     | Reached skill level 1 in Throwing
 18228 | D:11     | Reached skill level 5 in Fighting
 18317 | D:11     | Reached skill level 5 in Dodging
 19105 | D:11     | Learned a level 6 spell: Bolt of Fire
 19631 | D:5      | Bought 2 potions of cancellation for 208 gold pieces
 19631 | D:5      | Bought a potion of curing for 39 gold pieces
 20195 | D:12     | Noticed a skeletal warrior
 20196 | D:12     | Noticed a skeletal warrior
 20215 | D:12     | Noticed a skeletal warrior
 20218 | D:11     | Killed a skeletal warrior
 20218 | D:11     | Reached skill level 9 in Conjurations
 20414 | D:12     | Found a staircase to the Orcish Mines.
 20455 | D:12     | Killed a skeletal warrior
 20668 | D:12     | Killed a skeletal warrior
 20881 | D:12     | Noticed Maurice
 20883 | D:12     | Killed Maurice
 21057 | Orc:1    | Entered Level 1 of the Orcish Mines
 21173 | Orc:1    | Found Ekuoraz's Food Emporium.
 21331 | Orc:2    | Noticed Sonja
 21331 | Orc:2    | Killed Sonja
 21549 | Orc:2    | Reached XP level 12. HP: 87/94 MP: 12/30
 21690 | Orc:2    | Learned a level 2 spell: Repel Missiles
 21794 | Orc:2    | Noticed Urug
 21798 | Orc:2    | Noticed Snorg
 21927 | Lair:1   | Entered Level 1 of the Lair of Beasts
 21968 | Lair:1   | Reached skill level 1 in Air Magic
 22103 | Lair:1   | Reached skill level 1 in Charms
 22423 | Lair:1   | Noticed a four-headed hydra
 22431 | Lair:1   | Killed a four-headed hydra
 22740 | Lair:1   | Got a shimmering quarterstaff
 22741 | Lair:1   | Identified the +9 quarterstaff "Eluuh" {flame, rElec rC+ rN++ Str-2 Int+4} (You found it on level 1 of the Lair of Beasts)
 23427 | Lair:1   | Learned a level 2 spell: Blink
 23563 | Orc:2    | Killed Urug
 23563 | Orc:2    | Reached skill level 10 in Conjurations
 24019 | Orc:2    | Killed Snorg
 24019 | Orc:2    | Reached skill level 10 in Fire Magic
 24567 | Orc:2    | Noticed an ogre mage
 24573 | Orc:2    | Killed an ogre mage
 25716 | Orc:2    | Noticed Fannar
 25718 | Orc:2    | Killed Fannar
 25978 | Orc:3    | Noticed Erica
 25983 | Orc:3    | Killed Erica
 26585 | Orc:3    | Found Itam's Assorted Antiques.
 26714 | Orc:3    | Bought a scroll labeled JAYGRU HASE for 28 gold pieces
 26714 | Orc:3    | Bought a potion of heal wounds for 140 gold pieces
 26714 | Orc:3    | Bought a scroll of fog for 56 gold pieces
 26714 | Orc:3    | Bought a large iron ring for 140 gold pieces
 27138 | Orc:4    | Entered Level 4 of the Orcish Mines
 27291 | Orc:4    | Found a roughly hewn altar of Beogh.
 27299 | Orc:4    | Found Jaetreme's Distillery.
 27311 | Orc:4    | Bought a potion of curing for 45 gold pieces
 27689 | Orc:4    | Found a roughly hewn altar of Beogh.
 27774 | Orc:4    | Found Hijej's Antique Armour Emporium.
 27779 | Orc:4    | Bought a glowing cloak for 126 gold pieces
 27910 | Orc:4    | Found a roughly hewn altar of Beogh.
 28075 | Orc:4    | Reached XP level 13. HP: 92/101 MP: 19/32
 28125 | Orc:4    | Found a roughly hewn altar of Beogh.
 28189 | Orc:4    | Found a staircase to the Elven Halls.
 28323 | Orc:4    | Found a roughly hewn altar of Beogh.
 28569 | Orc:4    | Noticed an orc warlord
 28628 | Orc:4    | Killed an orc warlord
 29000 | Orc:4    | Noticed an orc warlord
 29123 | Orc:4    | Killed an orc warlord
 29383 | Orc:4    | Found Loluicon's Antique Armour Boutique.
 29383 | Orc:4    | Found a roughly hewn altar of Beogh.
 29387 | Orc:4    | Found Fimugh's Antique Weapon Shop.
 29395 | Orc:4    | Bought a pair of embroidered boots for 157 gold pieces
 29395 | Orc:4    | Bought a glowing leather armour for 70 gold pieces
 29395 | Orc:4    | Bought a dyed leather armour for 70 gold pieces
 29517 | Orc:4    | Bought a polished ring mail for 252 gold pieces
 29528 | Orc:4    | Identified the cursed -1 ring mail "Hicw" {Dex+8} (You bought it in a shop on level 4 of the Orcish Mines)
 30240 | Lair:2   | Learned a level 1 spell: Animate Skeleton
 30563 | Lair:2   | Reached skill level 5 in Evocations
 30908 | Lair:2   | Reached skill level 1 in Necromancy
 30999 | Lair:2   | Got a transparent leather armour
 31010 | Lair:2   | Identified the +1 leather armour of Grace {Contam rC+ MR+ Str-2 Int-2} (You found it on level 2 of the Lair of Beasts)
 32623 | Lair:4   | Found a dark tunnel.
 32626 | Volcano  | Entered a volcano
 33254 | Lair:4   | Reached skill level 10 in Spellcasting
 33287 | Lair:3   | Got an iridescent lajatang
 33295 | Lair:3   | Identified the +0 lajatang of Beogh's Pride {vamp, rC+ MR+ Stlth-} (You acquired it on level 3 of the Lair of Beasts)
 33302 | Lair:3   | Learned a level 3 spell: Passwall
 33307 | Lair:3   | Learned a level 2 spell: Swiftness
 34750 | Lair:5   | Reached XP level 14. HP: 111/111 MP: 9/34
 35480 | Lair:6   | Reached skill level 10 in Staves
 35672 | Lair:6   | Found a staircase to the Slime Pits.
 35892 | Lair:6   | Found a staircase to the Swamp.
 35897 | Lair:6   | Found a staircase to the Snake Pit.
 38364 | Lair:7   | Identified a +6 rod of destruction (11/11) (You found it on level 7 of the Lair of Beasts)
 38565 | Lair:8   | Entered Level 8 of the Lair of Beasts
 38916 | Lair:8   | Reached skill level 1 in Armour
 39475 | Lair:8   | Identified Twiol's Collected Works on the Voyage
 39592 | Lair:8   | Found a snail-covered altar of Cheibriados.
 39637 | Lair:8   | Reached skill level 11 in Spellcasting
 41063 | D:13     | Found a flagged portal.
 41082 | Bailey   | Entered a bailey
 41132 | Bailey   | Reached XP level 15. HP: 112/121 MP: 10/36
 41158 | Bailey   | HP: 2/121 [orc warrior/halberd (23)]
 41795 | Lair:2   | Learned a level 5 spell: Ignite Poison
 42209 | D:13     | Reached skill level 1 in Transmutations
 43559 | D:14     | Found a gate to the Vaults.
 44020 | D:14     | Found a white marble altar of Elyvilon.
 44287 | D:14     | Reached skill level 12 in Staves
 44499 | D:15     | Entered Level 15 of the Dungeon
 44694 | D:15     | Noticed Nergalle
 44842 | D:15     | Killed Nergalle
 44890 | D:15     | Your ally Nergalle died
 45485 | D:15     | Found a staircase to the Depths.
 45898 | D:15     | Reached skill level 13 in Staves
 47023 | Snake:1  | Entered Level 1 of the Snake Pit
 47981 | Snake:1  | Found Ukuenu's Gadget Boutique.
 48296 | Snake:1  | Got a transparent hand axe
 48297 | Snake:1  | Identified the cursed -2 hand axe of Ihao {venom, rPois Dex+2} (You found it on level 1 of the Snake Pit)
 48863 | Orc:4    | Bought the +3 salamander hide armour {+Rage rF++} for 1260 gold pieces
 49248 | Snake:2  | Noticed Aizul
 49261 | Snake:2  | Killed Aizul
 49392 | Snake:2  | Your ally Aizul died
 49647 | Snake:2  | Reached XP level 16. HP: 118/132 MP: 18/37
 51161 | Snake:3  | Got an encrusted glaive
 51162 | Snake:3  | Identified the +6 glaive of Mayhem {chop, rF+ rC- MR+} (You found it on level 3 of the Snake Pit)
 51288 | Snake:3  | Reached skill level 14 in Staves
 53569 | Snake:4  | Reached skill level 10 in Fighting
 53934 | Snake:4  | Noticed drasked's ghost (mighty GrBe)
 53955 | Snake:4  | HP: 3/134 [drasked's ghost (14)]
 54612 | Snake:4  | Noticed Nikola
 54618 | Snake:4  | Noticed Jorgrun
 54629 | Snake:4  | Killed Nikola
 54629 | Snake:4  | Reached skill level 10 in Dodging
 54808 | Snake:3  | Killed Jorgrun
 55081 | Snake:4  | Got a pair of ancient gloves
 55098 | Snake:4  | Identified the +1 pair of gloves of the Saviour {-Tele Regen+ Dex+4} (You took it off Nikola on level 4 of the Snake Pit)
 55614 | Snake:4  | Got a scintillating amber ring
 55616 | Snake:4  | Identified the ring "Giuxt" {+Blink rElec Dex+2 Stlth-} (You found it on level 4 of the Snake Pit)
 56894 | Snake:5  | Entered Level 5 of the Snake Pit
 57056 | Snake:3  | Got a smoking chain mail
 57067 | Snake:3  | Identified the -5 chain mail of Ethics {SInv} (You acquired it on level 3 of the Snake Pit)
 57575 | Snake:5  | Noticed Rupert
 57596 | Snake:5  | Killed Rupert
 57862 | Snake:5  | Your ally Rupert died
 58017 | Snake:5  | Reached XP level 17. HP: 102/144 MP: 20/37
 58691 | Snake:5  | Got a faintly glowing plate armour
 58741 | Snake:3  | Identified the +13 plate armour "Stey" {rCorr Str+4 Int+4 Slay+2} (You found it on level 5 of the Snake Pit)
 59312 | Snake:5  | Got a jewelled scale mail
 59323 | Snake:5  | Identified the +6 scale mail of Midwinter {rElec rC+ MR+ rCorr} (You found it on level 5 of the Snake Pit)
 60128 | Snake:5  | Reached skill level 5 in Armour
 62386 | Snake:5  | Got a serpentine rune of Zot
 62934 | Lair:2   | Learned a level 5 spell: Silence
 63062 | Swamp:1  | Entered Level 1 of the Swamp
 63120 | Swamp:1  | Reached skill level 1 in Hexes
 64880 | Swamp:2  | Noticed Nessos
 64883 | Swamp:2  | Killed Nessos
 65277 | Swamp:1  | Reached skill level 5 in Air Magic
 65416 | Swamp:2  | Your ally Nessos died
 66139 | Swamp:2  | Noticed Roxanne
 66146 | Swamp:2  | Reached XP level 18. HP: 152/152 MP: 19/38
 66191 | Swamp:2  | Killed Roxanne
 66202 | Swamp:2  | Identified Roxanne's Collected Works on Dusty Shape Shifting (You took it off Roxanne on level 2 of the Swamp)
 67610 | Swamp:3  | Noticed Saint Roka
 68004 | Swamp:3  | Killed Saint Roka
 68004 | Swamp:3  | Reached skill level 10 in Armour
 70118 | Swamp:4  | Learned a level 4 spell: Animate Dead
 70657 | Swamp:5  | Entered Level 5 of the Swamp
 71461 | Swamp:5  | Reached skill level 10 in Evocations
 71621 | Swamp:5  | Noticed Agnes
 71626 | Swamp:5  | Killed Agnes
 72076 | Swamp:5  | Got an iridescent halberd
 72077 | Swamp:5  | Identified the +6 halberd of Wetynod {chop, MR+ Str+4} (You found it on level 5 of the Swamp)
 72305 | Swamp:5  | Got a decaying rune of Zot
 72340 | Swamp:5  | Reached skill level 5 in Stealth
 72660 | Swamp:5  | Your ally Agnes died
 73351 | Swamp:5  | Noticed Louise
 73369 | Swamp:5  | Killed Louise
 75184 | Vaults:1 | Entered Level 1 of the Vaults
 76825 | Vaults:1 | Reached XP level 19. HP: 133/159 MP: 24/39
 77280 | Vaults:1 | Got a dazzling war axe
 77282 | Vaults:1 | Identified the +1 war axe of Defenestration {drain, MR+ Int+6 Dex+2} (You found it on level 1 of the Vaults)
 77617 | Vaults:1 | Noticed Donald
 77626 | Vaults:1 | Killed Donald
 81265 | Vaults:2 | Noticed Mennas
 82078 | Vaults:1 | Killed Mennas
 83147 | Vaults:3 | Reached skill level 5 in Hexes
 83794 | Vaults:3 | Identified the Tome of Glacial Stolen Souls (You acquired it on level 3 of the Vaults)
 83817 | Vaults:3 | Found a staircase to the Crypt.
 86200 | Vaults:3 | Reached XP level 20. HP: 159/170 MP: 36/39
 87143 | Vaults:4 | Noticed Mara
 87340 | Depths:1 | Entered Level 1 of the Depths
 87789 | Depths:1 | Reached skill level 5 in Necromancy
 88396 | Depths:1 | Found a gateway to Hell.
 89648 | Depths:1 | Identified the Volume of the Snowflakes
 89654 | Depths:1 | Learned a level 3 spell: Ozocubu's Armour
 89808 | Depths:1 | Reached skill level 1 in Ice Magic
 90255 | Depths:1 | Identified Cigotuvi's Tome of Shape Shifting and Clay
 90425 | Depths:1 | Found Maatum's Armour Shoppe.
 90428 | Depths:1 | Bought a +1 pair of gloves of dexterity for 264 gold pieces
 91202 | Depths:1 | Identified Sif Muna's Incunabulum of the Mountains and Moulding
 91832 | Depths:1 | Identified the Volume of Curses
 92810 | Depths:2 | Found a one-way gate to the infinite horrors of the Abyss.
 93537 | Depths:2 | Found a corrupted altar of Lugonu.
 94554 | Orc:4    | Bought a twisted scale mail for 315 gold pieces
 94574 | Orc:4    | Identified the +6 scale mail of Caidi {rN+} (You bought it in a shop on level 4 of the Orcish Mines)
 94658 | Orc:4    | Bought a potion of might for 60 gold pieces
 94658 | Orc:4    | Bought a potion of haste for 150 gold pieces
 94658 | Orc:4    | Bought a potion of magic for 120 gold pieces
 94658 | Orc:4    | Bought a potion of magic for 120 gold pieces
 94658 | Orc:4    | Bought a potion of cancellation for 120 gold pieces
 94658 | Orc:4    | Bought a potion of might for 60 gold pieces
 94705 | Orc:4    | Bought a shiny helmet for 126 gold pieces
 94815 | Orc:4    | Bought a faintly glowing hand axe for 256 gold pieces
 94815 | Orc:4    | Identified the +10 hand axe "Guach" {speed, +Blink Int-4 Dex+2} (You bought it in a shop on level 4 of the Orcish Mines)
 95652 | Depths:3 | Found a radiant altar of Vehumet.
 95652 | Depths:3 | Found a glowing golden altar of the Shining One.
 95652 | Depths:3 | Found an opulent altar of Gozag.
 95658 | Depths:3 | Found a one-way gate leading to the halls of Pandemonium.
 95661 | Depths:3 | Found a gateway to a ziggurat.
 95783 | Depths:3 | Reached XP level 21. HP: 178/178 MP: 27/40
 96112 | Depths:3 | Noticed a caustic shrike
 96129 | Depths:3 | Killed a caustic shrike
 96413 | Depths:3 | Reached skill level 1 in Maces & Flails
 97772 | Depths:3 | Reached skill level 15 in Armour
 98379 | Depths:3 | Noticed a caustic shrike
 99095 | Depths:3 | Noticed a caustic shrike
 99159 | Depths:3 | Killed a caustic shrike
 99236 | Depths:3 | Got a scintillating brass ring
 99238 | Depths:3 | Identified the ring of the Sky {rElec rPois Str-5 Int+7 Dex-4 Slay+2} (You took it off a vampire on level 3 of the Depths)
 99261 | Depths:3 | Got a dazzling dagger
 99262 | Depths:3 | Identified the +8 dagger of an ice cave {flame, rF+ Dex+3} (You found it on level 3 of the Depths)
 99500 | Depths:3 | Killed a caustic shrike
 99789 | Depths:4 | Reached skill level 10 in Air Magic
100592 | Depths:4 | Found a gateway to a bazaar.
100610 | Bazaar   | Entered a bazaar
100610 | Bazaar   | Found Ytash's General Store.
100610 | Bazaar   | Found Troewid's Antique Armour Shop.
100652 | Bazaar   | Found Fosoix's Antique Weapon Shop.
100675 | Bazaar   | Bought a runed cloak for 117 gold pieces
100675 | Bazaar   | Bought a warped scale mail for 234 gold pieces
100695 | Bazaar   | Identified the +5 scale mail of Boiling Hail {rPois Dex-4 SInv} (You bought it in a shop in a bazaar)
100728 | Bazaar   | Bought a scroll of silence for 97 gold pieces
100801 | Depths:4 | Found Punliruh's Magic Scroll Boutique.
101685 | Depths:4 | Reached XP level 22. HP: 123/189 MP: 17/41
102448 | Depths:4 | Found Pheddeyd's Weapon Shoppe.
102457 | Depths:4 | Found Mulurul's Magic Scroll Boutique.
103493 | Depths:4 | Noticed the Enchantress
104322 | Depths:4 | Paralysed by the Enchantress for 2 turns
104327 | Depths:4 | Killed the Enchantress
104332 | Depths:4 | Got a faerie dragon armour
104362 | Depths:4 | Identified the +1 faerie dragon armour {rElec rN+} (You took it off the Enchantress on level 4 of the Depths)
104429 | Depths:4 | Reached skill level 1 in Shields
104962 | Depths:4 | Got a slimy war axe
104963 | Depths:4 | Identified the cursed +0 war axe of Welfare {chop, +Inv rElec rPois rF- Int-2} (You found it on level 4 of the Depths)
105074 | Depths:4 | Noticed Margery
106049 | D:10     | Killed raikaria's ghost
106737 | Depths:3 | Killed Margery
106737 | Depths:3 | Reached skill level 5 in Shields
106855 | Depths:4 | Bought a scroll of brand weapon for 380 gold pieces
107196 | D:14     | Learned a level 5 spell: Warp Weapon
108680 | Elf:1    | Entered Level 1 of the Elven Halls
108929 | Elf:1    | Reached skill level 5 in Maces & Flails
109513 | Elf:1    | Found Loic's General Store.
109693 | Elf:1    | Bought a scroll of fog for 30 gold pieces
110859 | Elf:1    | Identified a +0 rod of shadows (7/10) (You took it off a deep elf priest on level 1 of the Elven Halls)
111296 | Elf:2    | Found Ranez's Gadget Shop.
111947 | Elf:2    | Found Xeda's Antique Armour Shop.
112097 | Elf:2    | Bought a bloodstained helmet for 285 gold pieces
112109 | Elf:2    | Identified the +0 helmet of the Volcano {MP+9} (You bought it in a shop on level 2 of the Elven Halls)
112193 | Elf:2    | Found a huge runed gate.
112193 | Elf:2    | Found a huge runed gate.
112193 | Elf:2    | Found a huge runed gate.
112194 | Elf:2    | Found a huge runed gate.
112194 | Elf:2    | Found a huge runed gate.
113638 | Elf:3    | Entered Level 3 of the Elven Halls
114125 | Elf:3    | Reached skill level 5 in Translocations
114131 | Elf:3    | Reached skill level 5 in Charms
114214 | Elf:3    | Reached XP level 23. HP: 187/195 MP: 37/42
114585 | Elf:3    | Got a smoking long sword
114590 | Elf:3    | Identified the +4 long sword of the Undead {freeze, rPois Str+5} (You took it off a deep elf fighter on level 3 of the Elven Halls)
114899 | Elf:3    | Found Sahutiowk's Antique Weapon Emporium.
116622 | Elf:3    | Got a twitching platinum ring
116624 | Elf:3    | Identified the ring "Dogupex" {-Cast rElec rF+ MR+ Slay-4 SInv} (You found it on level 3 of the Elven Halls)
116686 | Elf:3    | Got a scorched hand crossbow
116687 | Elf:3    | Identified the +9 hand crossbow of Internal Strife {freeze, rC+ Int+4 Dex-2} (You found it on level 3 of the Elven Halls)
117967 | Vaults:4 | Noticed hannobal's illusion
118186 | Vaults:4 | Noticed hannobal's illusion
118346 | Vaults:4 | Noticed hannobal's illusion
118410 | Vaults:4 | Killed Mara
119454 | Vaults:4 | Found Bleliac's Armour Emporium.
119568 | Vaults:4 | Paralysed by a hornet for 4 turns
120483 | Vaults:4 | Noticed hannobal's illusion
120601 | Vaults:4 | Killed Mara
120618 | Vaults:4 | Banished hannobal's illusion
120858 | Vaults:4 | Noticed raikaria's ghost (mighty MfTm)
121325 | Vaults:4 | Killed raikaria's ghost
121724 | Vaults:5 | Entered Level 5 of the Vaults
122113 | Vaults:4 | Reached skill level 16 in Armour
122796 | Vaults:5 | Got a faintly glowing chain mail
123375 | D:14     | Identified the +6 chain mail "Ehuoqem" {+Blink Int+4} (You found it on level 5 of the Vaults)
123626 | Crypt:1  | Entered Level 1 of the Crypt
125687 | Crypt:1  | Noticed Jory
126403 | Depths:5 | Entered Level 5 of the Depths
126531 | Depths:5 | Found Shrufafe's Demolitions Depot.
126559 | Depths:5 | Reached XP level 24. HP: 205/205 MP: 42/42
126998 | D:14     | Learned a level 6 spell: Freezing Cloud
127163 | Depths:3 | Your ally Margery died
127542 | Vaults:4 | Bought the +2 pair of gloves of Vanity {rCorr} for 487 gold pieces
128089 | Slime:1  | Entered Level 1 of the Pits of Slime
129067 | Slime:4  | Reached skill level 5 in Ice Magic
129197 | Slime:6  | Entered Level 6 of the Pits of Slime
129399 | Slime:6  | Found a viscous altar of Jiyva.
129404 | Slime:6  | Noticed the royal jelly
129487 | Slime:6  | Killed the royal jelly
129500 | Slime:6  | Slain by an azure jelly

Action                   |  1- 3 |  4- 6 |  7- 9 | 10-12 | 13-15 | 16-18 | 19-21 | 22-24 || total
-------------------------+-------+-------+-------+-------+-------+-------+-------+-------++-------
Melee: Unarmed           |    13 |       |       |       |       |       |       |       ||    13
       Club              |    22 |       |       |       |       |       |       |       ||    22
       Dagger            |    10 |       |       |       |       |       |       |       ||    10
       Quarterstaff      |       |     6 |    62 |   237 |   578 |   101 |   252 |   372 ||  1608
       Staff             |       |       |       |     9 |    40 |     1 |     7 |    25 ||    82
       Falchion          |       |       |       |     5 |       |       |       |       ||     5
       Trident           |       |       |       |     3 |     2 |       |       |       ||     5
       Lajatang          |       |       |       |       |       |   621 |  1510 |   382 ||  2513
       Demon whip        |       |       |       |       |       |       |       |  2261 ||  2261
 Fire: Hand crossbow     |       |       |     1 |       |       |       |       |       ||     1
Throw: Stone             |     2 |     8 |     7 |       |       |       |       |       ||    17
       Tomahawk          |       |     3 |    11 |    22 |       |       |       |       ||    36
       Javelin           |       |       |       |    14 |     1 |     6 |    23 |    16 ||    60
 Cast: Flame Tongue      |    79 |   170 |   127 |       |       |       |       |       ||   376
       Conjure Flame     |       |     3 |    30 |    60 |    55 |    16 |    88 |    29 ||   281
       Throw Flame       |       |     6 |    11 |    20 |    10 |     3 |       |       ||    50
       Sticky Flame      |       |       |    40 |    90 |   179 |   169 |   291 |   210 ||   979
       Fireball          |       |       |    50 |   251 |   155 |    57 |    46 |    49 ||   608
       Bolt of Fire      |       |       |       |    32 |   209 |   295 |   141 |    60 ||   737
       Blink             |       |       |       |     8 |    15 |     7 |    12 |     6 ||    48
       Repel Missiles    |       |       |       |     2 |     3 |     9 |     3 |    16 ||    33
       Delayed Fireball  |       |       |       |     1 |     1 |       |       |       ||     2
       Animate Skeleton  |       |       |       |       |   155 |   137 |    60 |    70 ||   422
       Ignite Poison     |       |       |       |       |     2 |   149 |       |       ||   151
       Animate Dead      |       |       |       |       |       |    29 |    87 |    66 ||   182
       Silence           |       |       |       |       |       |     6 |    30 |    60 ||    96
       Ozocubu's Armour  |       |       |       |       |       |       |    12 |     8 ||    20
       Warp Weapon       |       |       |       |       |       |       |       |     4 ||     4
       Freezing Cloud    |       |       |       |       |       |       |       |    27 ||    27
 Abil: Evoke Flight      |       |       |       |       |     1 |    31 |     1 |    17 ||    50
       Stop Flying       |       |       |       |       |       |     1 |       |       ||     1
Evoke: Staff of energy   |       |       |    79 |   306 |   423 |    22 |     9 |    11 ||   850
       Wand              |       |       |       |     2 |     2 |     4 |     7 |    20 ||    35
       Stone of tremors  |       |       |       |     1 |       |       |       |       ||     1
       Rod               |       |       |       |       |       |     2 |       |     6 ||     8
       Box of beasts     |       |       |       |       |       |       |     2 |       ||     2
       Phial of floods   |       |       |       |       |       |       |     1 |     3 ||     4
       Fan of gales      |       |       |       |       |       |       |       |     1 ||     1
       Phantom mirror    |       |       |       |       |       |       |       |     1 ||     1
       Deck              |       |       |       |       |       |       |       |     1 ||     1
       Sack of spiders   |       |       |       |       |       |       |       |     1 ||     1
  Use: Scroll            |     3 |     7 |     5 |    14 |    16 |    12 |    13 |    30 ||   100
       Potion            |     4 |     5 |     1 |     1 |     4 |     5 |    13 |    18 ||    51
 Stab: Distracted        |       |       |       |     1 |     3 |    10 |    18 |    16 ||    48
       Invisible         |       |       |       |       |     1 |       |       |       ||     1
       Sleeping          |       |       |       |       |     2 |     3 |     2 |     2 ||     9
       Confused          |       |       |       |       |       |     1 |       |       ||     1
       Petrified         |       |       |       |       |       |       |       |     1 ||     1
  Eat: Chunk             |     8 |    13 |    17 |    47 |    78 |    59 |    68 |    46 ||   336
       Bread ration      |       |       |     1 |     1 |       |     9 |     8 |    15 ||    34
       Royal jelly       |       |       |     1 |       |     2 |       |       |       ||     3
       Beef jerky        |       |       |     2 |     2 |     5 |     2 |     2 |     3 ||    16
       Pizza             |       |       |       |     7 |     2 |     1 |       |     3 ||    13
       Fruit             |       |       |       |       |    11 |    15 |     4 |     2 ||    32
       Meat ration       |       |       |       |       |       |       |       |     1 ||     1
